AoeStats
← SteiL

Arabia

509364872Analyzed
1v1 RM · 5d ago on Sep 26, 2026· 34m 25s· 2 players
Game mode
Random Map
Map size
Tiny (2 player)
Population
200
Speed
Normal
Resources
Standard
Victory
Conquest
Starting age
Dark Age
Ending age
Imperial Age
RankedLock teamsTeams togetherTeam positionsShared explorationLock speedFull tech treeHidden civsTurbo modeCheats
Victory
Defeat
🇩🇪 Turks · Germany
1096
+15
🇯🇵 Mongols · Japan
1073
-15
altanbileg
0:27 Loom
10:45 Feudal Age
16:04 Castle Age
14:38 Double-Bit Axe
19:08 Bow Saw
18:43 Horse Collar
27:53 Fletching
29:57 Padded Archer Armor
30:32 Town Watch
SteiL
0:28 Loom
9:36 Feudal Age
16:38 Wheelbarrow
20:44 Castle Age
18:43 Double-Bit Axe
18:59 Horse Collar
20:18 Bloodlines
20:18 Scale Barding Armor
20:50 Forging
22:17 Husbandry
26:25 Hand Cart
29:39 Chain Barding Armor
31:04 Iron Casting
Connection lost

Rejoining the realm…

Still unreachable

The connection could not be restored.

Session expired

The server has moved on; the page needs a fresh start.